 Dungeon Crawl Stone Soup version 0.29-a0-234-g0dae59b3db (webtiles) character file.

Game seed: 9077891021888410686

10652 Aksej the Carver (level 11, -11/90 HPs)
             Began as a Demonspawn Monk on Mar 2, 2022.
             Was a High Priest of Vehumet.
             Mangled by a wyvern (17 damage)
             ... on level 11 of the Dungeon.
             The game lasted 00:27:10 (12010 turns).

Aksej the Carver (Demonspawn Monk)                 Turns: 12010, Time: 00:27:11

Health: -11/90     AC:  4    Str: 13    XL:     11   Next: 39%
Magic:  15/15      EV: 23    Int:  7    God:    Vehumet [*****.]
Gold:   81         SH:  0    Dex: 17    Spells: 8/15 levels left

rFire   + + .      SeeInvis .   b - +8 long sword of Iconoclasm {venom, rCorr}
rCold   . . .      Faith    .   (no shield)
rNeg    + . .      Spirit   .   x - +1 robe of a Gauntlet {+Blink rPois rN+ Slay+3}
rPois   +          Reflect  .   (helmet unavailable)
rElec   .          Harm     .   d - scarf {repulsion}
rCorr   +          Rampage  .   i - +0 pair of gloves of Tempters {+Blink rPois rF++ Int-4}
Will    .....                   (no boots)
Stlth   +++.......              e - amulet of magic regeneration
HPRegen 0.25/turn               y - +4 ring of evasion
MPRegen 0.54/turn               s - +4 ring of evasion

@: repel missiles
A: horns 3, foul stench 1, demonic magic 2, weakness stinger 1, demonic touch 2,
clumsy 1
a: Renounce Religion, Evoke Blink


You were on level 11 of the Dungeon.
You worshipped Vehumet.
Vehumet was extremely pleased with you.
You visited 2 branches of the dungeon, and saw 12 of its levels.

You collected 627 gold pieces.
You spent 546 gold pieces at shops.

Inventory:

Hand Weapons
 a - a +2 mace of flaming
 b - the +8 long sword of Iconoclasm (weapon) {venom, rCorr}
   (You found it on level 2 of the Dungeon)

   It poisons the flesh of those it strikes.
   rCorr:     It protects you from acid and corrosion.
 v - the +6 mace of the Thirsty Bones {vorpal, *Slow Str+3 Int+2}
   (You found it on level 6 of the Dungeon)

   It inflicts extra damage upon your enemies.
   Str:       It affects your strength (+3).
   Int:       It affects your intelligence (+2).
   *Slow:     It may slow you when you take damage.
Missiles
 g - 12 boomerangs (quivered)
 m - 5 silver javelins
 n - 3 silver boomerangs
 G - a throwing net
Armour
 d - a scarf of repulsion (worn)
 i - the +0 pair of gloves of Tempters (worn) {+Blink rPois rF++ Int-4}
   (You acquired it on level 1 of the Dungeon)

   Int:       It affects your intelligence (-4).
   rF:        It greatly protects you from fire.
   rPois:     It protects you from poison.
   +Blink:    It lets you blink.
 x - the +1 robe of a Gauntlet (worn) {+Blink rPois rN+ Slay+3}
   (You bought it in a shop on level 9 of the Dungeon)

   Slay:      It affects your accuracy & damage with ranged weapons and melee
   (+3).
   rPois:     It protects you from poison.
   rN:        It protects you from negative energy.
   +Blink:    It lets you blink.
Jewellery
 c - a ring of positive energy
 e - an amulet of magic regeneration (around neck)
 r - an amulet of the acrobat
 s - a +4 ring of evasion (right hand)
 y - a +4 ring of evasion (left hand)
 E - a ring of ice
 I - a ring of protection from fire
 K - a +4 ring of protection
Wands
 t - a wand of mindburst (21)
 w - a wand of digging (4)
 A - a wand of acid (3)
 B - a wand of paralysis (6)
 F - a wand of flame (32)
Scrolls
 j - 4 scrolls of fog
 l - 8 scrolls of teleportation
 p - 2 scrolls of amnesia
 q - 4 scrolls of fear
 J - 2 scrolls of identify
Potions
 f - 2 potions of brilliance
 h - 4 potions of might
 k - a potion of berserk rage
 o - a potion of flight
 u - 5 potions of curing
 z - 2 potions of resistance
 C - a potion of attraction
 D - a potion of invisibility
 H - 3 potions of haste


   Skills:
 * Level 9.8 Fighting
 + Level 10.0 Long Blades
 + Level 3.4 Maces & Flails
 + Level 0.7 Throwing
 + Level 3.4 Armour
 + Level 6.5 Dodging
 + Level 5.1 Stealth
 + Level 2.9 Spellcasting
 + Level 3.5 Conjurations
 + Level 2.0 Air Magic


You had 8 spell levels left.
You knew the following spells:

 Your Spells              Type           Power      Damage    Failure   Level
a - Shock                 Conj/Air       16%        1d4       3%          1
b - Poisonous Vapours     Pois/Air       4%         N/A       10%         2
c - Airstrike             Air            1%         N/A       36%         4

Your spell library contained the following spells:

 Spells                   Type           Power      Damage    Failure   Level
 Lee's Rapid Deconstruct  Erth           0%         3d5*      90%         5
 Slow                     Hex            4%         N/A       34%         1
 Corpse Rot               Necr/Air       4%         N/A       34%         2
 Hailstorm                Conj/Ice       3%         3d3       38%         4
 Confusing Touch          Hex            1%         N/A       71%         3
 Gell's Gravitas          Tloc           1%         N/A       71%         3
 Lesser Beckoning         Tloc           1%         N/A       71%         3
 Teleport Other           Tloc           1%         N/A       71%         3
 Vampiric Draining        Necr           1%         2d6       71%         3
 Irradiate                Conj/Tmut      1%         3d14      71%         5
 Ice Form                 Ice/Tmut       1%         N/A       98%         4
 Blade Hands              Tmut           0%         N/A       100%        5
 Simulacrum               Ice/Necr       0%         N/A       100%        6
 Dragon Form              Tmut           0%         N/A       100%        7


Dungeon Overview and Level Annotations

Branches:
Dungeon (11/15)            Temple (1/1) D:4            Lair (0/6) D:8
    Orc (0/2) D:10

Altars:
Ashenzari
Cheibriados
Elyvilon
Fedhas
Gozag
Hepliaklqana
Kikubaaqudgha
Makhleb
Nemelex Xobeh
Okawaru
Qazlal
Trog
Uskayaw
Vehumet
Wu Jian
Xom
Yredelemnul
Zin
Beogh

Shops:
D:2 (   D:4 (   D:5 (   D:9 ([[:?


Innate Abilities, Weirdness & Mutations

You have a pair of large horns on your head.
You may rarely emit foul miasma when damaged in melee.
Spells you cast may paralyse nearby enemies.
You have a small tail.
Your touch may inflict irresistible damage on your foes.
You are clumsy. (Dex -2)


Message History

You touch the very large slime creature.
The very large slime creature is moderately wounded.
You slice the very large slime creature!!
You touch the very large slime creature!
The very large slime creature is heavily wounded.
The very large slime creature completely misses you.
You slash the very large slime creature!
Your touch misses the very large slime creature.
The very large slime creature is heavily wounded.
The very large slime creature hits you!!!
Ouch! That really hurt!
You hear an angry hiss.
You slash the very large slime creature!
The very large slime creature is severely wounded.
You slash the very large slime creature!
You headbutt the very large slime creature, but do no damage.
The very large slime creature is severely wounded.
The very large slime creature completely misses you.
You slash the very large slime creature!
The very large slime creature is poisoned.
You headbutt the very large slime creature!
You tail-slap the very large slime creature.
Your touch misses the very large slime creature.
The very large slime creature is severely wounded.
The very large slime creature misses you.
You slice the very large slime creature!!
You touch the very large slime creature!
The very large slime creature is almost dead.
The very large slime creature hits you!!
* * * LOW HITPOINT WARNING * * *
A wyvern comes into view.
The wyvern completely misses you. The wyvern bites you!
* * * LOW HITPOINT WARNING * * *
You emit a cloud of foul miasma!
The wyvern is engulfed in dark miasma.
The wyvern is poisoned.
A very large slime creature splits.
The wyvern closely misses you. The wyvern completely misses you.
The wyvern bites you!
You die...

......<.# #............. ........#
#..........### ##......#
#..#####...# #......# #..#...#...#
#......# #..#...'...# #......#
#..#...#...#
#......###########..#####...###
#..............................
#...........J.@.........#######
###.####'#....Jl..........#
....#....#................#
..(.#....#................#
?...#....#..ยง.............###+###
....##'###.....########..........
...............# #..###+####
#######........# #..# #........#
#..#


You could see a large slime creature (poisoned), a slime creature (poisoned) and
a wyvern (poisoned).

Vanquished Creatures
  3 two-headed ogres
  A manticore (D:9)
  Maurice (D:9)
  Psyche (D:10)
  A kobold demonologist (D:11)
  2 hornets
  A slime creature (D:11)
  A shadow (D:10)
  4 vampire mosquitoes (D:11)
  13 yaks
  A steam dragon (D:6)
  2 water moccasins
  7 orc warriors
  2 ice beasts
  A sky beast (D:7)
  A black bear (D:4)
  2 ogres
  A centaur (D:8)
  3 phantoms
  3 kobold brigands
  9 bullfrogs
  2 gnoll sergeants
  3 wights (D:9)
  11 killer bees (D:10)
  3 howler monkeys (D:9)
  2 lava snakes (D:9)
  2 hounds (D:5)
  9 orc priests
  2 jellies
  Crazy Yiuf (D:2)
  2 iguanas
  Ijyb (D:5)
  Terence (D:2)
  11 orc wizards
  8 adders
  7 gnolls
  A white imp (D:7)
  An ufetubus (D:5)
  5 worms
  A dart slug (D:1)
  39 orcs
  13 ball pythons
  11 endoplasms
  2 giant cockroaches
  6 goblins
  11 hobgoblins
  2 jackals (D:2)
  4 quokkas
  4 bats
  A frilled lizard (D:1)
  22 kobolds
  5 rats
253 creatures vanquished.

Vanquished Creatures (others)
  A plant (D:4)
1 creature vanquished.

Grand Total: 254 creatures vanquished

Notes
Turn   | Place    | Note
-------+----------+-------------------------------------------
     0 | D:1      | Aksej the Demonspawn Monk began the quest for the Orb.
     0 | D:1      | Reached XP level 1. HP: 18/18 MP: 1/1
    42 | D:1      | Found a faded altar of an unknown god.
   385 | D:1      | Gained mutation: Spells you cast may paralyse adjacent
                  | enemies. [demonic ancestry]
   385 | D:1      | Reached XP level 2. HP: 16/24 MP: 2/2
  1406 | D:1      | Reached XP level 3. HP: 29/29 MP: 3/3
  1627 | D:1      | Identified a scroll of acquirement
  1627 | D:1      | Acquired the +0 pair of gloves of Tempters {+Blink rPois
                  | rF++ Int-4}
  2021 | D:2      | Identified the +8 long sword of Iconoclasm {venom, rCorr}
  2177 | D:2      | Noticed Terence
  2183 | D:2      | Killed Terence
  2184 | D:2      | Discovered your monstrous ancestry.
  2184 | D:2      | Gained mutation: You have a pair of small horns on your
                  | head. [demonic ancestry]
  2184 | D:2      | Reached XP level 4. HP: 36/37 MP: 4/4
  2319 | D:2      | Found a runed translucent door.
  2320 | D:2      | Noticed Crazy Yiuf
  2328 | D:2      | Killed Crazy Yiuf
  2670 | D:2      | Found Wuit's Weapon Shoppe.
  2683 | D:2      | Bought 3 silver boomerangs for 58 gold pieces
  2811 | D:2      | Gained mutation: You have a small tail. [demonic ancestry]
  2811 | D:2      | Reached XP level 5. HP: 40/42 MP: 5/5
  2817 | D:2      | Reached skill level 1 in Long Blades
  3232 | D:3      | Found a stormy altar of Qazlal.
  3233 | D:3      | Noticed a water elemental
  3235 | D:3      | Noticed an air elemental
  3235 | D:3      | Noticed a fire elemental
  3940 | D:4      | Found the +8 Wrath of Trog {antimagic, *Rage Rampage}
  4012 | D:4      | Found a blossoming altar of Fedhas.
  4013 | D:4      | Noticed a black bear
  4019 | D:4      | Killed a black bear
  4020 | D:4      | Reached skill level 2 in Long Blades
  4020 | D:4      | Gained mutation: Your touch may inflict minor irresistible
                  | damage on your foes. [demonic ancestry]
  4020 | D:4      | Reached XP level 6. HP: 46/49 MP: 6/6
  4119 | D:4      | Found Safeep's Weapon Emporium.
  4128 | D:4      | Reached skill level 3 in Long Blades
  4167 | D:4      | Found a basalt altar of Yredelemnul.
  4226 | D:4      | You fall into a shaft and drop 3 floors!
  4259 | D:7      | Gained mutation: Spells you cast may paralyse nearby
                  | enemies. [demonic ancestry]
  4259 | D:7      | Reached XP level 7. HP: 32/55 MP: 7/7
  4402 | D:7      | Reached skill level 5 in Fighting
  4402 | D:7      | Reached skill level 4 in Long Blades
  4450 | D:6      | Identified the +6 mace of the Thirsty Bones {vorpal, *Slow
                  | Str+3 Int+2}
  4501 | D:6      | Noticed a steam dragon
  4515 | D:6      | Killed a steam dragon
  4530 | D:6      | Reached skill level 5 in Long Blades
  4705 | D:5      | Entered Level 5 of the Dungeon
  4758 | D:5      | Gained mutation: You have a pair of horns on your head.
                  | [demonic ancestry]
  4758 | D:5      | Reached XP level 8. HP: 63/63 MP: 8/8
  4919 | D:4      | Found a staircase to the Ecumenical Temple.
  4928 | Temple   | Entered the Ecumenical Temple
  5002 | Temple   | Became a worshipper of Vehumet
  5002 | Temple   | Reached * piety under Vehumet
  5002 | Temple   | Offered knowledge of Shock by Vehumet.
  5002 | Temple   | Reached ** piety under Vehumet
  5005 | Temple   | Learned a level 1 spell: Shock
  5189 | D:5      | Found Wumpohink's Weapon Emporium.
  5338 | D:5      | Offered knowledge of Poisonous Vapours by Vehumet.
  5590 | D:5      | Gained mutation: You are clumsy. (Dex -2) [potion of
                  | mutation]
  5677 | D:5      | Noticed Ijyb
  5681 | D:5      | Killed Ijyb
  5846 | D:5      | Reached skill level 1 in Conjurations
  5847 | D:5      | Reached skill level 6 in Long Blades
  6130 | D:6      | Found a hazy altar of Hepliaklqana.
  6138 | D:6      | Reached skill level 1 in Spellcasting
  6230 | D:6      | Learned a level 2 spell: Poisonous Vapours
  6359 | D:7      | Noticed a hornet
  6366 | D:7      | Killed a hornet
  6374 | D:7      | Reached skill level 1 in Air Magic
  6378 | D:7      | Gained mutation: Your touch may inflict irresistible damage
                  | on your foes. [demonic ancestry]
  6378 | D:7      | Reached XP level 9. HP: 40/71 MP: 10/10
  6558 | D:7      | Reached skill level 1 in Armour
  6747 | D:7      | Offered knowledge of Ignite Poison by Vehumet.
  6767 | D:7      | Found a broken altar of Ashenzari.
  7497 | D:8      | Found a staircase to the Lair.
  7633 | D:8      | Reached *** piety under Vehumet
  7653 | D:8      | Reached skill level 7 in Long Blades
  7815 | D:8      | Offered knowledge of Olgreb's Toxic Radiance by Vehumet.
  8049 | D:9      | Noticed Maurice
  8057 | D:9      | Killed Maurice
  8208 | D:9      | Gained mutation: You have a pair of large horns on your
                  | head. [demonic ancestry]
  8208 | D:9      | Reached XP level 10. HP: 56/80 MP: 13/13
  8224 | D:9      | Reached skill level 8 in Long Blades
  8512 | D:9      | Found Usunwoov's Antique Weapon Shop.
  8540 | D:9      | Reached skill level 5 in Dodging
  8540 | D:9      | Reached **** piety under Vehumet
  8630 | D:9      | Found Rompatenu's Antique Armour Boutique.
  8801 | D:9      | Found Vecoij's Book Emporium.
  8816 | D:9      | Reached skill level 5 in Stealth
  8871 | D:9      | Found Vapriag's Magic Scroll Boutique.
  8885 | D:9      | Bought a scroll of identify for 28 gold pieces
  8885 | D:9      | Bought a scroll of teleportation for 42 gold pieces
  8885 | D:9      | Bought a scroll of teleportation for 42 gold pieces
  8885 | D:9      | Bought a scroll of teleportation for 42 gold pieces
  8885 | D:9      | Bought a scroll of identify for 28 gold pieces
  8974 | D:9      | Found Fomp's Antique Armour Shoppe.
  8978 | D:9      | Bought an opalescent robe for 153 gold pieces
  8978 | D:9      | Identified the +1 robe of Coedilyi {+Inv} (You bought it in
                  | a shop on level 9 of the Dungeon)
  9028 | D:9      | Offered knowledge of Airstrike by Vehumet.
  9076 | D:9      | Noticed a manticore
  9087 | D:9      | Killed a manticore
  9546 | D:9      | Bought a wizard robe for 153 gold pieces
  9546 | D:9      | Identified the +1 robe of a Gauntlet {+Blink rPois rN+
                  | Slay+3} (You bought it in a shop on level 9 of the Dungeon)
  9566 | D:10     | Entered Level 10 of the Dungeon
  9938 | D:10     | Noticed a two-headed ogre
  9945 | D:10     | Killed a two-headed ogre
 10050 | D:10     | Reached skill level 9 in Long Blades
 10332 | D:10     | Noticed Psyche
 10337 | D:10     | Killed Psyche
 10600 | D:10     | Noticed a two-headed ogre
 10610 | D:10     | Killed a two-headed ogre
 10611 | D:10     | Gained mutation: You may rarely emit foul miasma when
                  | damaged in melee. [demonic ancestry]
 10611 | D:10     | Reached XP level 11. HP: 68/89 MP: 15/15
 10909 | D:10     | Found a staircase to the Orcish Mines.
 11063 | D:11     | Learned a level 4 spell: Airstrike
 11247 | D:11     | Noticed a two-headed ogre
 11250 | D:11     | Killed a two-headed ogre
 11307 | D:11     | Reached ***** piety under Vehumet
 11377 | D:11     | Offered knowledge of Lee's Rapid Deconstruction by Vehumet.
 11846 | D:11     | Reached skill level 10 in Long Blades
 12010 | D:11     | Mangled by a wyvern

Illustrated notes

Levels and vault maps discovered:
D:1:      minmay_arrival_split_and_join, layout_basic, basic_ecumenical_altar,
          serial_rivers, chequers_serial_rivers_micro_d,
          chequers_serial_rivers_small_b, chequers_serial_rivers_micro_b,
          chequers_serial_rivers_large_b, chequers_serial_rivers_small_a,
          lemuel_old_faithful
D:2:      minmay_razor_zed, layout_basic, serial_shops, shop, uniq_terence,
          uniq_crazy_yiuf_cottage
D:3:      layout_basic, nicolae_qazlal_style_of_elements, elyvilon_altar_5,
          nicolae_elevator_lobby_plus
D:4:      layout_cave_pools, overflow_temple_1_default, fedhas_altar_3,
          minmay_temple_entry_ruins, serial_shops, shop, minmay_splitting_lines,
          minmay_stone_trees_small, ebering_dispersal_statue_hall
D:5:      layout_basic, serial_shops, shop, interstate_on_off, lightli_minifort,
          uniq_ijyb
D:6:      layout_rooms, general_overflow_altar, corner_web_ring,
          supply_closet_lemuel
D:7:      layout_basic, nicolae_ashenzari_skybound
D:8:      layout_basic, lair_entry_dummy
D:9:      layout_irregular_city, serial_shops, nicolae_inconvenience_store,
          shop_fountains, shop, nicolae_shop_statue_plus,
          nicolae_lakefront_shop, uniq_maurice
D:10:     layout_gridville, minmay_orc_entry_temple_small, chequers_avenue,
          uniq_psyche
D:11:     layout_irregular_city, kennysheep_nondescript, library_closet
Temple:   regret_index_temple_sphere_string

Skill      XL: |  1  2  3  4  5  6  7  8  9 10 11 |
---------------+----------------------------------+-----
Stealth        | 2 3 4 5 |  5.1
Maces & Flails | 3 |  3.4
Dodging        | 3 4 6 |  6.5
Fighting       | 4 5 6 7 9 |  9.8
Long Blades    | 2 3 5 6 7 9 10 | 10.0
Conjurations   | 1 2 3 |  3.5
Spellcasting   | 1 2 |  2.9
Air Magic      | 1 2 |  2.0
Armour         | 2 3 |  3.4
Throwing       | |  0.7

Action                   |  1- 3 |  4- 6 |  7- 9 | 10-12 || total
-------------------------+-------+-------+-------+-------++-------
Melee: Mace              |   106 |       |       |       ||   106
       Punch             |     1 |     1 |     1 |     3 ||     6
       Long sword        |     2 |    75 |   193 |   180 ||   450
       Headbutt          |       |    18 |    36 |    39 ||    93
       Tailslap          |       |     6 |    29 |    29 ||    64
       Touch             |       |     4 |    25 |    33 ||    62
Throw: Boomerang         |       |     2 |     3 |       ||     5
 Cast: Shock             |       |       |    48 |    14 ||    62
  Use: Scroll            |     2 |     9 |     8 |     5 ||    24
       Potion            |     2 |       |     2 |     2 ||     6
 Stab: Sleeping          |     8 |     4 |     5 |     1 ||    18
       Paralysed         |       |       |     6 |       ||     6
Armor: Robe              |    16 |    10 |    12 |    13 ||    51
       Leather armour    |       |       |    10 |     7 ||    17
Dodge: Dodged            |   104 |    47 |   146 |   274 ||   571
       Repelled          |       |       |       |     2 ||     2

Table legend: (Time is in decaauts)
 A = Elapsed time spent in this place.
 B = Non-inter-level travel time spent in this place.
 C = Inter-level travel time spent in this place.
 D = Time resting spent in this place.
 E = Time spent auto-exploring this place.
 F = Levels seen in this place.
 G = Mean time per level.
                   A        B        C        D        E       F      G
               +--------+--------+--------+--------+--------+-----+--------+
         Total |  12123 |  11808 |    315 |      0 |  10099 |  12 | 1010.2 |
       Dungeon |  12036 |  11730 |    306 |      0 |  10039 |  11 | 1094.2 |
        Temple |     86 |     77 |      9 |      0 |     60 |   1 |   86.0 |
               +--------+--------+--------+--------+--------+-----+--------+

Top non-repeatable levels by time:
     D:1: 1715 daAuts
     D:9: 1543 daAuts
    D:10: 1485 daAuts
     D:2: 1467 daAuts
     D:7: 1458 daAuts
    D:11: 967 daAuts
     D:5: 932 daAuts
     D:3: 693 daAuts
     D:4: 692 daAuts
     D:6: 553 daAuts
     D:8: 527 daAuts
  Temple: 86 daAuts
